 Dungeon Crawl Stone Soup version 0.18-a0-816-g97f838e (webtiles) character file.

308 Duffy the Magician (level 6, -4/41 HPs)
             Began as a Mummy Ice Elementalist on Dec 15, 2015.
             Killed from afar by an orc wizard (19 damage)
             ... with a puff of flame
             ... on level 4 of the Dungeon.
             The game lasted 00:04:44 (4074 turns).

Duffy the Magician (Mummy Ice Elementalist)         Turns: 4074, Time: 00:04:44

Health: -4/41      AC:  3    Str: 11    XL:     6   Next: 16%
Magic:  6/12       EV: 12    Int: 16    God:
Gold:   152        SH:  0    Dex: 13    Spells: 3 memorised, 5 levels left

rFire  x . .     SeeInvis .     b - book of Frost
rCold  + . .     Clarity  .     a - +0 robe
rNeg   + + +     SustAt   .     (no shield)
rPois  ∞         Gourm    .     (no helmet)
rElec  .         Spirit   .     l - +0 cloak
rCorr  .         Dismiss  .     (no gloves)
rMut   .         Stasis   .     (no boots)
MR     .....                    (no amulet)
Stlth  +.........               (no ring)
                                h - ring of loudness (curse)

@: very slightly contaminated, not resistant to hostile enchantments, very
unstealthy
A: no food or potions, fire vulnerability, cold resistance 1, negative energy
resistance 3, torment resistance, unbreathing
a: no special abilities


You were on level 4 of the Dungeon.
You were not hungry.

You visited 1 branch of the dungeon, and saw 4 of its levels.

You collected 152 gold pieces.


Innate Abilities, Weirdness & Mutations

You do not eat or drink.
Your flesh is vulnerable to fire.
You are immune to poison.
Your flesh is cold resistant.
You are immune to negative energy.
You are immune to unholy pain and torment.
You can survive without breathing.


   Skills:
 - Level 1.5 Dodging
 - Level 1.5 Stealth
 + Level 4.1 Spellcasting
   Level 0.7 Conjurations
 + Level 2.0 Summonings
 + Level 4.0 Ice Magic


You had 5 spell levels left.
You knew the following spells:

 Your Spells              Type           Power        Failure   Level  Hunger
a - Freeze                Ice            ###.         3%          1    N/A
l - Summon Ice Beast      Ice/Summ       ##......     50%         4    N/A
w - Ozocubu's Armour      Chrm/Ice       #.......     21%         3    N/A

Inventory:

Armour
 a - a +0 robe (worn)
 l - a +0 cloak (worn)
Jewellery
 h - a cursed ring of loudness (left hand)
Wands
 k - a wand of slowing (18)
Scrolls
 c - 3 scrolls of remove curse
 d - 3 scrolls of enchant weapon
 e - a scroll of fear
 f - a scroll of amnesia
 g - 2 scrolls of immolation
 i - a scroll of magic mapping {unknown}
 j - 2 scrolls of teleportation
Books
 b - a book of Frost (in hand)

Dungeon Overview and Level Annotations

Branches:
Dungeon (4/15)
 Temple: D:4-7

Altars:
Cheibriados
Dithmenos
Fedhas
Gozag
Makhleb
Nemelex Xobeh
Okawaru
Pakellas
Ru
Trog


Message History

Deactivating autopickup; reactivate with Ctrl-A.
The orc barely misses you.
Cast which spell? (? or * to list)
Aiming: Freeze
Press: ? - help, Shift-Dir - straight line, f/p - orc
Aim: an orc, wielding a falchion (almost dead)
You freeze the orc.
You kill the orc!
Cast which spell? (? or * to list)
Aiming: Freeze
Press: ? - help, Shift-Dir - straight line, f - orc
Aim: an orc, wielding a dagger and wearing a scale mail You freeze the orc.
You kill the orc!
Cast which spell? (? or * to list)
You can't see any susceptible monsters within range! (Use Z to cast anyway.)
You hear some strange, mumbled words.
You are confused.
Something hits you but does no damage. Something hits you.
You hear some strange, mumbled words.
A puff of flame appears from out of thin air!
The puff of flame hits you! The fire burns you terribly! Something hits you.
Something hits you.
You feel less confused. Something hits you.
Cast which spell? (? or * to list)
Aiming: Freeze
Press: ? - help, Shift-Dir - straight line You freeze something.
You hear some strange, mumbled words.
A puff of flame appears from out of thin air!
The puff of flame hits you! The fire burns you terribly!
You die...

##..## #. ....# ###.
###.# #... ##'## #.#.##
##...## #.#..# #.....##
##.##.# .......##
##..##)#
........####...##{###.#
........'.......@.....#
........####....#######
.......## ##.#.#
#.....## ###.# ##...##
#.# ##+## #.# #.# #.#
#.#


There were no monsters in sight!

Action                   |  1- 3 |  4- 6 || total
-------------------------+-------+-------++-------
 Cast: Freeze            |    92 |    68 ||   160
  Use: Scroll            |     5 |     1 ||     6

Notes
Turn   | Place    | Note
--------------------------------------------------------------
     0 | D:1      | Duffy the Mummy Ice Elementalist began the quest for the Orb.
     0 | D:1      | Reached XP level 1. HP: 13/13 MP: 3/3
   458 | D:1      | Reached XP level 2. HP: 14/19 MP: 0/5
  1328 | D:2      | Found a faded altar to an unknown god.
  1339 | D:2      | Reached XP level 3. HP: 22/24 MP: 4/7
  1415 | D:2      | Found a blossoming altar of Fedhas.
  1465 | D:2      | Found a snail-covered altar of Cheibriados.
  1487 | D:2      | Reached skill level 3 in Spellcasting
  1626 | D:2      | Found an oddly glowing altar of Pakellas.
  1677 | D:2      | Reached skill level 3 in Ice Magic
  1787 | D:2      | Learned a level 3 spell: Ozocubu's Armour
  2209 | D:2      | Found a sparkling altar of Nemelex Xobeh.
  2310 | D:2      | Found an opulent altar of Gozag.
  2425 | D:3      | Reached XP level 4. HP: 20/30 MP: 3/9
  2527 | D:3      | Learned a level 4 spell: Summon Ice Beast
  2535 | D:3      | Found a sacrificial altar of Ru.
  2633 | D:3      | Found a bloodstained altar of Trog.
  2637 | D:3      | Noticed a wizard
  2642 | D:3      | Killed a wizard
  3051 | D:3      | Reached skill level 1 in Summonings
  3200 | D:3      | Reached XP level 5. HP: 35/35 MP: 5/10
  3489 | D:3      | Found a burning altar of Makhleb.
  3608 | D:4      | Found a shadowy altar of Dithmenos.
  3619 | D:4      | Found an iron altar of Okawaru.
  3625 | D:4      | Noticed an ogre
  3639 | D:4      | Killed an ogre
  3639 | D:4      | Reached skill level 4 in Spellcasting
  3639 | D:4      | Reached XP level 6. HP: 21/41 MP: 2/12
  3929 | D:4      | Reached skill level 2 in Summonings
  3929 | D:4      | Reached skill level 4 in Ice Magic
  4074 | D:4      | Killed from afar by an orc wizard

Vault maps used:
D:1:      onia_arrival_pentagram, minmay_ruptured
D:2:      nemelex_xobeh_ov_fountains_minmay, nicolae_gozag_seed_capital,
          fedhas_altar_2, cheibriados_altar_wand_db, ecumenical_altar_1,
          grunt_pakellas_basics
D:3:      makhleb_blood_cavern_becter, hangedman_ru_absence, trog_wizard
D:4:      grunt_dithmenos_smoke, overflow_temple_1_default,
          overflow_temple_1_default, first_bread, serial_shops, shop

Vanquished Creatures
  A wizard
  An ogre
  An orc priest
  A hound
  A worker ant
  6 adders
  An ooze
  A worm
  2 giant geckos
  14 orcs
  A giant cockroach
  8 hobgoblins
  9 bats
  7 giant newts
  3 goblins
  3 jackals
  11 kobolds
  9 rats
80 creatures vanquished.
